 Dungeon Crawl Stone Soup version 0.28-a0-664-gc179e30c89 (webtiles) character file.

Game seed: 12940253226409334115

70 kipponium the Charlatan (level 4, -1/38 HPs)
             Began as a Gnoll Wanderer on Oct 16, 2021.
             Slain by a lemure (5 damage)
             ... led by Pikel
             ... on level 4 of the Dungeon.
             The game lasted 00:08:03 (3253 turns).

kipponium the Charlatan (Gnoll Wanderer)            Turns: 3253, Time: 00:08:04

Health: -1/38      AC:  6    Str: 10    XL:     4   Next: 22%
Magic:  3/14       EV: 10    Int: 16    God:
Gold:   127        SH:  0    Dex: 15    Spells: 4/5 levels left

rFire   . . .      SeeInvis .   j - +0 war axe
rCold   . . .      Faith    .   (no shield)
rNeg    . . .      Spirit   .   b - +0 ring mail
rPois   .          Reflect  .   (no helmet)
rElec   .          Harm     .   (no cloak)
rCorr   .          Rampage  .   (no gloves)
Will    .....                   (no boots)
Stlth   +.........              (no amulet)
HPRegen 0.12/turn               l - ring of magical power
MPRegen 0.14/turn               q - +6 ring of dexterity

@: no status effects
A: fangs 1, strong nose, distributed training
a: no special abilities


You were on level 4 of the Dungeon.
You visited 1 branch of the dungeon, and saw 4 of its levels.

You collected 127 gold pieces.

Inventory:

Hand Weapons
 j - a +0 war axe (weapon)
Armour
 b - a +0 ring mail (worn)
Jewellery
 e - a ring of fire
 l - a ring of magical power (left hand)
 q - a +6 ring of dexterity (right hand)
Scrolls
 i - a scroll of brand weapon {unknown}
 k - 3 scrolls of identify {unknown}
 p - a scroll of enchant weapon {unknown}
Potions
 c - a potion of magic {unknown}
 g - a potion of berserk rage {unknown}
 m - a potion of degeneration {unknown}
 n - a potion of flight {unknown}


   Skills:
 + Level 4.6 Fighting
 + Level 1.0 Short Blades
 + Level 1.0 Long Blades
 + Level 1.0 Axes
 + Level 1.0 Maces & Flails
 + Level 1.0 Polearms
 + Level 1.0 Staves
 + Level 1.0 Slings
 + Level 2.7 Bows
 + Level 1.0 Crossbows
 + Level 1.0 Throwing
 + Level 4.6 Armour
 + Level 1.0 Dodging
 + Level 1.0 Stealth
 + Level 1.0 Shields
 + Level 1.0 Unarmed Combat
 + Level 1.0 Spellcasting
 + Level 0.8 Conjurations
 + Level 0.8 Hexes
 + Level 0.8 Summonings
 + Level 2.2 Necromancy
 + Level 0.8 Translocations
 + Level 0.8 Transmutations
 + Level 0.8 Fire Magic
 + Level 0.8 Ice Magic
 + Level 0.8 Air Magic
 + Level 0.8 Earth Magic
 + Level 3.8 Poison Magic
 + Level 1.1 Invocations
 + Level 4.6 Evocations


You had 4 spell levels left.
You knew the following spells:

 Your Spells              Type           Power      Damage    Failure   Level
a - Sting                 Tmut/Pois      32%        1d4       21%         1

Your spell library contained the following spells:

 Spells                   Type           Power      Damage    Failure   Level
 Animate Skeleton         Necr           14%        N/A       22%         1
 Poisonous Vapours        Pois/Air       16%        N/A       30%         2
 Apportation              Tloc           6%         N/A       36%         1
 Foxfire                  Conj/Fire      12%        2x1d4     36%         1
 Summon Small Mammal      Summ           12%        N/A       36%         1
 Ensorcelled Hibernation  Hex/Ice        6%         N/A       50%         2
 Mephitic Cloud           Conj/Pois/Air  6%         N/A       58%         3
 Olgreb's Toxic Radiance  Pois           13%        N/A       73%         4
 Inner Flame              Hex/Fire       3%         N/A       75%         3
 Tukima's Dance           Hex            3%         N/A       75%         3


Dungeon Overview and Level Annotations

Branches:
Dungeon (4/15)
 Temple: D:4-7

Altars:
Fedhas

Annotations:
D:4 Pikel


Innate Abilities, Weirdness & Mutations

You have very sharp teeth.
Your uncanny sense of smell can sniff out nearby items.
Your experience applies equally to all skills.


Message History

The sting hits Pikel but does no damage.
Pikel looks as sick as possible!
Pikel is lightly wounded.
The lemure shouts!
Pikel says, "You'll make a fine lemure."
Pikel hits you with a +0 whip of freezing.
Pikel freezes you.
You hit Pikel but do no damage.
Pikel is moderately wounded.
Pikel hits you with a +0 whip of freezing.
Pikel freezes you.
You hit Pikel.
Pikel is heavily wounded.
You barely miss the lemure. Pikel barely misses you. The lemure hits you.
* * * LOW HITPOINT WARNING * * *
Pikel drinks a potion.
Pikel is healed!
It was a potion of curing.
You feel better. The lemure hits you.
* * * LOW HITPOINT WARNING * * *
Pikel hits you with a +0 whip of freezing.
* * * LOW HITPOINT WARNING * * *
Pikel freezes you.
* * * LOW HITPOINT WARNING * * *
The lemure hits you.
* * * LOW HITPOINT WARNING * * *
Your magical contamination has completely faded away.
Press: ? - help, v - describe, . - travel, g - get item
Here: Pikel, wielding a +0 whip of freezing and wearing a +0 robe (lightly wounded, very poisoned) Item here: a quokka corpse.
The floor, spattered with blood.
You feel better. The lemure misses you.
Pikel hits you with a +0 whip of freezing.
* * * LOW HITPOINT WARNING * * *
Pikel freezes you.
* * * LOW HITPOINT WARNING * * *
The lemure hits you but does no damage.
You hit Pikel but do no damage.
Pikel is lightly wounded.
You closely miss the lemure. You miss the lemure. You hit the lemure.
The lemure hits you.
You die...

*,,,,,+,,..,,,,,,
*,,,,,*.....,****
*,,,,,*.....,*,,,
####+###.....,*,,,
#............,*,,,
#............,*,,,
#............,*,,,
#.5.)†.......,+,,,
#@K5.........,,,,,
#55..........,**≈≈
########.....,**≈≈
*,,,,,*,....,≈≈,,
*,,,,,*,,...,≈≈,,
*,,,,,*,,,..,≈≈,,
*,,,,,*,,,,.,≈≈,,
*,,,,,*,,,,,,≈≈,,
*,,,,**,,,,,,**≈≈


You could see Pikel (very poisoned) and 4 lemures.

Vanquished Creatures
  6 dart slugs
  A worm (D:4)
  An orc (D:4)
  6 ball pythons
  5 bats
  4 endoplasms
  2 giant cockroaches
  8 hobgoblins
  3 quokkas
  A frilled lizard (D:3)
  8 kobolds
  6 rats
51 creatures vanquished.

Vanquished Creatures (others)
  2 plants (D:4)
2 creatures vanquished.

Grand Total: 53 creatures vanquished

Notes
Turn   | Place    | Note
-------+----------+-------------------------------------------
     0 | D:1      | kipponium the Gnoll Wanderer began the quest for the Orb.
     0 | D:1      | kipponium set off with the following items: a +0 club, a +0
                  | ring mail; and the following spells available to memorise:
                  | Sting, Poisonous Vapours, Foxfire, Mephitic Cloud, Olgreb's
                  | Toxic Radiance, Inner Flame
     0 | D:1      | Reached XP level 1. HP: 20/20 MP: 1/1
   266 | D:1      | Reached XP level 2. HP: 26/26 MP: 2/2
  1220 | D:2      | Learned a level 1 spell: Sting
  1375 | D:2      | Reached XP level 3. HP: 29/31 MP: 1/3
  2359 | D:3      | Found a faded altar of an unknown god.
  2470 | D:3      | Found a blossoming altar of Fedhas.
  2474 | D:3      | Reached skill level 1 in Invocations
  2722 | D:3      | Reached skill level 1 in Short Blades
  2722 | D:3      | Reached skill level 1 in Long Blades
  2722 | D:3      | Reached skill level 1 in Axes
  2722 | D:3      | Reached skill level 1 in Maces & Flails
  2722 | D:3      | Reached skill level 1 in Polearms
  2722 | D:3      | Reached skill level 1 in Staves
  2722 | D:3      | Reached skill level 1 in Slings
  2722 | D:3      | Reached skill level 1 in Crossbows
  2722 | D:3      | Reached skill level 1 in Throwing
  2722 | D:3      | Reached skill level 1 in Dodging
  2722 | D:3      | Reached skill level 1 in Stealth
  2722 | D:3      | Reached skill level 1 in Shields
  2722 | D:3      | Reached skill level 1 in Unarmed Combat
  2722 | D:3      | Reached skill level 1 in Spellcasting
  2944 | D:3      | Reached XP level 4. HP: 38/38 MP: 5/5
  3124 | D:4      | Noticed a lemure
  3236 | D:4      | Noticed Pikel
  3244 | D:4      | Noticed a lemure
  3247 | D:4      | Noticed a lemure
  3247 | D:4      | Noticed a lemure
  3253 | D:4      | Slain by a lemure

Illustrated notes

Levels and vault maps discovered:
D:1:      minmay_arrival_plants_in_alcoves, layout_basic
D:2:      layout_loops_corners, moated_statue
D:3:      minmay_recursive_quarters, layout_rooms, overflow_temple_1_default,
          hellmonk_ecumenical_altar_blasted, chequers_serial_rivers_marsh
D:4:      layout_gridville, kennysheep_little_box,
          mainiacjoe_overflow_large_starburst, serial_shops, shop,
          cheibrodos_sewer_entry_sluice, serial_bayou_lagoon_b, uniq_pikel

Skill      XL: |  1  2  3 |
---------------+----------+-----
Necromancy     | 2 |  2.2
Invocations    | 1 |  1.1
Short Blades   | 1 |  1.0
Long Blades    | 1 |  1.0
Axes           | 1 |  1.0
Maces & Flails | 1 |  1.0
Polearms       | 1 |  1.0
Staves         | 1 |  1.0
Slings         | 1 |  1.0
Crossbows      | 1 |  1.0
Throwing       | 1 |  1.0
Dodging        | 1 |  1.0
Stealth        | 1 |  1.0
Shields        | 1 |  1.0
Unarmed Combat | 1 |  1.0
Spellcasting   | 1 |  1.0
Fighting       | |  4.6
Bows           | |  2.7
Armour         | |  4.6
Conjurations   | |  0.8
Hexes          | |  0.8
Summonings     | |  0.8
Translocations | |  0.8
Transmutations | |  0.8
Fire Magic     | |  0.8
Ice Magic      | |  0.8
Air Magic      | |  0.8
Earth Magic    | |  0.8
Poison Magic   | |  3.8
Evocations     | |  4.6

Action                   |  1- 3 |  4- 6 || total
-------------------------+-------+-------++-------
Melee: Club              |   112 |       ||   112
       Bite              |    10 |     1 ||    11
       War axe           |    35 |    16 ||    51
 Cast: Sting             |    24 |    16 ||    40
  Use: Scroll            |       |     4 ||     4
       Potion            |       |     2 ||     2
Armor: Ring mail         |    88 |     5 ||    93
Dodge: Dodged            |   107 |     9 ||   116

Table legend: (Time is in decaauts)
 A = Elapsed time spent in this place.
 B = Non-inter-level travel time spent in this place.
 C = Inter-level travel time spent in this place.
 D = Time resting spent in this place.
 E = Time spent auto-exploring this place.
 F = Levels seen in this place.
 G = Mean time per level.
                   A        B        C        D        E       F      G
               +--------+--------+--------+--------+--------+-----+--------+
         Total |   3307 |   3172 |    135 |    691 |   1931 |   4 |  826.8 |
       Dungeon |   3307 |   3172 |    135 |    691 |   1931 |   4 |  826.8 |
               +--------+--------+--------+--------+--------+-----+--------+

Top non-repeatable levels by time:
     D:1: 1245 daAuts
     D:2: 1011 daAuts
     D:3: 931 daAuts
     D:4: 119 daAuts
